[ AOE2 MATCH · #472122996 ]
UnrankedMapuche vs Lithuanians
[ REPLAY ANALYSIS · EXTRACTED FROM THE RECORDED GAME ]
Feudal
—
Castle
—
Imperial
—
| APM avg | 42.4 |
| APM peak | 58 |
| eAPM avg | 13.7 |
| Villagers / military | 14 / 0 |
Focus
⚔️ 29.6% · 🌾 70.4%
Feudal
—
Castle
—
Imperial
—
| APM avg | 53.1 |
| APM peak | 74 |
| eAPM avg | 30.5 |
| Villagers / military | 32 / 0 |
Focus
⚔️ 33.3% · 🌾 66.7%
Feudal
—
Castle
—
Imperial
—
| APM avg | 51.7 |
| APM peak | 70 |
| eAPM avg | 29.8 |
| Villagers / military | 21 / 0 |
Focus
⚔️ 33.5% · 🌾 66.5%
Feudal
—
Castle
—
Imperial
—
| APM avg | 22.3 |
| APM peak | 39 |
| eAPM avg | 9.3 |
| Villagers / military | 13 / 0 |
Focus
⚔️ 21.4% · 🌾 78.6%
Feudal
—
Castle
—
Imperial
—
| APM avg | 34.5 |
| APM peak | 62 |
| eAPM avg | 23.6 |
| Villagers / military | 24 / 0 |
Focus
⚔️ 40.5% · 🌾 59.5%
Feudal
—
Castle
—
Imperial
—
| APM avg | 54.1 |
| APM peak | 73 |
| eAPM avg | 21.5 |
| Villagers / military | 20 / 0 |
Focus
⚔️ 22.9% · 🌾 77.1%
Feudal
—
Castle
—
Imperial
—
| APM avg | 33.2 |
| APM peak | 47 |
| eAPM avg | 14.5 |
| Villagers / military | 28 / 0 |
Focus
⚔️ 23.6% · 🌾 76.4%
Feudal
—
Castle
—
Imperial
—
| APM avg | 41.2 |
| APM peak | 65 |
| eAPM avg | 26.4 |
| Villagers / military | 26 / 0 |
Focus
⚔️ 11.7% · 🌾 88.3%
Match map
Initial resources + every placement click. Lines = walls · curves = elevation contours. ◆ gold · ⬟ stone · ● berries · ✦ relic · ◌ wall gap
Your base
CBRM's base
Çıkmaz Sokak's base
Tremere's base
MacBookUser's base
Cr0mo's base
vladtepes's base
上善若水's base
Smoothed initial terrain · ◌ = detected wall gap · hover for details
Inputs per minute
— Trashclaus - - CBRM
Build order — Trashclaus
18 actions detected in the replay
| 0:01 | Queue | Villager (Male) |
| 0:01 | Queue | Villager (Male) |
| 0:03 | Build | House |
| 0:04 | Build | House |
| 0:21 | Queue | Villager (Male) |
| 0:40 | Queue | Villager (Male) |
| 1:36 | Queue | Villager (Male) |
| 1:56 | Build | Settlement |
| 2:00 | Queue | Villager (Male) |
| 2:23 | Queue | Villager (Male) |
| 2:36 | Queue | Villager (Male) |
| 3:21 | Queue | Villager (Male) |
| 3:46 | Queue | Villager (Male) |
| 4:14 | Queue | Villager (Male) |
| 4:33 | Build | Settlement |
| 4:38 | Queue | Villager (Male) |
| 4:55 | Queue | Villager (Male) |
| 5:27 | Queue | Villager (Male) |
Build order — CBRM
41 actions detected in the replay
| 0:02 | Queue | Villager (Male) |
| 0:02 | Queue | Villager (Male) |
| 0:02 | Queue | Villager (Male) |
| 0:03 | Build | House |
| 0:05 | Build | House |
| 0:11 | Queue | Villager (Male) |
| 0:11 | Queue | Villager (Male) |
| 0:18 | Research | Loom |
| 0:18 | Research | Loom |
| 0:19 | Queue | Villager (Male) |
| 0:22 | Queue | Villager (Male) |
| 0:22 | Queue | Villager (Male) |
| 1:52 | Queue | Villager (Male) |
| 1:52 | Queue | Villager (Male) |
| 2:05 | Queue | Villager (Male) |
| 2:06 | Queue | Villager (Male) |
| 2:15 | Build | Palisade Wall |
| 2:25 | Build | Palisade Wall |
| 2:39 | Queue | Villager (Male) |
| 2:40 | Queue | Villager (Male) |
| 2:58 | Queue | Villager (Male) |
| 2:58 | Queue | Villager (Male) |
| 3:47 | Queue | Villager (Male) |
| 3:47 | Queue | Villager (Male) |
| 4:01 | Build | House |
| 4:14 | Queue | Villager (Male) |
| 4:14 | Queue | Villager (Male) |
| 4:15 | Queue | Villager (Male) |
| 4:38 | Build | Palisade Wall |
| 4:46 | Queue | Villager (Male) |
| 4:46 | Queue | Villager (Male) |
| 4:53 | Build | Lumber Camp |
| 4:54 | Queue | Villager (Male) |
| 4:54 | Queue | Villager (Male) |
| 5:17 | Queue | Villager (Male) |
| 5:17 | Queue | Villager (Male) |
| 5:17 | Queue | Villager (Male) |
| 5:29 | Queue | Villager (Male) |
| 5:29 | Queue | Villager (Male) |
| 5:56 | Queue | Villager (Male) |
| 5:56 | Queue | Villager (Male) |
Build order — Çıkmaz Sokak
26 actions detected in the replay
| 0:02 | Build | House |
| 0:03 | Queue | Villager (Male) |
| 0:04 | Queue | Villager (Male) |
| 0:12 | Queue | Villager (Male) |
| 0:12 | Queue | Villager (Male) |
| 0:15 | Queue | Villager (Male) |
| 1:10 | Queue | Villager (Male) |
| 1:10 | Queue | Villager (Male) |
| 1:35 | Queue | Villager (Male) |
| 1:36 | Queue | Villager (Male) |
| 1:56 | Build | House |
| 2:20 | Queue | Villager (Male) |
| 2:23 | Queue | Villager (Male) |
| 2:26 | Build | Lumber Camp |
| 2:42 | Queue | Villager (Male) |
| 3:30 | Queue | Villager (Male) |
| 3:46 | Queue | Villager (Male) |
| 3:46 | Queue | Villager (Male) |
| 3:47 | Queue | Villager (Male) |
| 3:53 | Build | House |
| 4:38 | Queue | Villager (Male) |
| 4:38 | Queue | Villager (Male) |
| 4:38 | Queue | Villager (Male) |
| 5:10 | Build | Mill |
| 5:22 | Queue | Villager (Male) |
| 5:51 | Queue | Villager (Male) |
Build order — Tremere
17 actions detected in the replay
| 0:01 | Queue | Villager (Male) |
| 0:03 | Build | House |
| 0:04 | Build | House |
| 0:15 | Queue | Villager (Male) |
| 0:15 | Queue | Villager (Male) |
| 0:16 | Queue | Villager (Male) |
| 0:16 | Queue | Villager (Male) |
| 1:22 | Queue | Villager (Male) |
| 1:22 | Queue | Villager (Male) |
| 1:59 | Build | Lumber Camp |
| 2:18 | Queue | Villager (Male) |
| 2:18 | Queue | Villager (Male) |
| 2:19 | Queue | Villager (Male) |
| 3:01 | Queue | Villager (Male) |
| 3:01 | Queue | Villager (Male) |
| 3:02 | Queue | Villager (Male) |
| 3:13 | Build | House |
Build order — MacBookUser
33 actions detected in the replay
| 0:01 | Queue | Villager (Male) |
| 0:01 | Queue | Villager (Male) |
| 0:01 | Queue | Villager (Male) |
| 0:04 | Build | House |
| 0:05 | Build | House |
| 0:19 | Research | Loom |
| 0:19 | Queue | Villager (Male) |
| 0:19 | Queue | Villager (Male) |
| 0:41 | Queue | Villager (Male) |
| 1:04 | Build | Palisade Wall |
| 1:14 | Build | Palisade Wall |
| 1:25 | Build | Palisade Wall |
| 1:42 | Queue | Villager (Male) |
| 1:42 | Queue | Villager (Male) |
| 1:42 | Queue | Villager (Male) |
| 2:07 | Queue | Villager (Male) |
| 2:07 | Queue | Villager (Male) |
| 2:07 | Queue | Villager (Male) |
| 2:11 | Build | Lumber Camp |
| 2:34 | Queue | Villager (Male) |
| 2:34 | Queue | Villager (Male) |
| 2:34 | Queue | Villager (Male) |
| 3:12 | Queue | Villager (Male) |
| 3:12 | Queue | Villager (Male) |
| 3:12 | Queue | Villager (Male) |
| 3:24 | Build | House |
| 3:40 | Queue | Villager (Male) |
| 4:03 | Queue | Villager (Male) |
| 4:18 | Queue | Villager (Male) |
| 4:42 | Queue | Villager (Male) |
| 5:09 | Queue | Villager (Male) |
| 5:09 | Queue | Villager (Male) |
| 5:21 | Build | Mill |
Build order — Cr0mo
28 actions detected in the replay
| 0:01 | Queue | Villager (Male) |
| 0:02 | Queue | Villager (Male) |
| 0:03 | Build | House |
| 0:04 | Build | House |
| 0:20 | Queue | Villager (Male) |
| 0:20 | Queue | Villager (Male) |
| 0:21 | Queue | Villager (Male) |
| 0:57 | Research | Loom |
| 1:15 | Queue | Villager (Male) |
| 1:20 | Build | Palisade Wall |
| 1:35 | Build | Palisade Wall |
| 1:56 | Queue | Villager (Male) |
| 2:25 | Queue | Villager (Male) |
| 2:33 | Build | Lumber Camp |
| 2:53 | Queue | Villager (Male) |
| 2:53 | Queue | Villager (Male) |
| 3:25 | Queue | Villager (Male) |
| 3:25 | Queue | Villager (Male) |
| 3:26 | Queue | Villager (Male) |
| 3:44 | Queue | Villager (Male) |
| 3:44 | Queue | Villager (Male) |
| 4:01 | Build | House |
| 4:10 | Build | Palisade Wall |
| 4:12 | Queue | Villager (Male) |
| 4:12 | Queue | Villager (Male) |
| 4:26 | Queue | Villager (Male) |
| 4:26 | Queue | Villager (Male) |
| 4:57 | Queue | Villager (Male) |
Build order — vladtepes
24 actions detected in the replay
| 0:00 | Queue | Villager (Male) ×4 |
| 0:01 | Queue | Villager (Male) ×4 |
| 0:01 | Queue | Villager (Male) ×4 |
| 0:02 | Build | House |
| 0:03 | Build | House |
| 1:32 | Queue | Villager (Male) |
| 1:32 | Queue | Villager (Male) |
| 2:02 | Build | Lumber Camp |
| 2:06 | Queue | Villager (Male) |
| 2:07 | Queue | Villager (Male) |
| 2:07 | Queue | Villager (Male) |
| 2:52 | Queue | Villager (Male) |
| 2:52 | Queue | Villager (Male) |
| 3:22 | Queue | Villager (Male) |
| 3:24 | Build | House |
| 3:41 | Queue | Villager (Male) |
| 3:41 | Queue | Villager (Male) |
| 4:06 | Build | Mill |
| 4:09 | Queue | Villager (Male) |
| 4:09 | Queue | Villager (Male) |
| 4:35 | Queue | Villager (Male) |
| 4:35 | Queue | Villager (Male) |
| 4:38 | Queue | Villager (Male) |
| 4:38 | Queue | Villager (Male) |
Build order — 上善若水
34 actions detected in the replay
| 0:01 | Queue | Villager (Male) |
| 0:02 | Queue | Villager (Male) |
| 0:02 | Queue | Villager (Male) |
| 0:03 | Build | House |
| 0:05 | Build | House |
| 0:16 | Queue | Villager (Male) |
| 0:16 | Queue | Villager (Male) |
| 0:25 | Research | Loom |
| 0:26 | Queue | Villager (Male) |
| 0:26 | Queue | Villager (Male) |
| 0:27 | Queue | Villager (Male) |
| 0:27 | Queue | Villager (Male) |
| 1:11 | Build | Palisade Wall |
| 1:15 | Build | Palisade Wall |
| 2:06 | Queue | Villager (Male) |
| 2:06 | Queue | Villager (Male) |
| 2:17 | Build | Lumber Camp |
| 2:40 | Queue | Villager (Male) |
| 2:41 | Queue | Villager (Male) |
| 3:03 | Queue | Villager (Male) |
| 3:03 | Queue | Villager (Male) |
| 3:39 | Build | House |
| 3:41 | Build | House |
| 3:44 | Queue | Villager (Male) |
| 3:44 | Queue | Villager (Male) |
| 3:50 | Queue | Villager (Male) |
| 3:50 | Queue | Villager (Male) |
| 4:24 | Queue | Villager (Male) |
| 4:24 | Queue | Villager (Male) |
| 4:47 | Queue | Villager (Male) |
| 4:47 | Queue | Villager (Male) |
| 5:22 | Queue | Villager (Male) |
| 5:22 | Queue | Villager (Male) |
| 5:22 | Queue | Villager (Male) |
Match timeline
| 1:04 | MacBookUser · wall_segment Palisade Wall x11 |
| 1:11 | 上善若水 · wall_segment Palisade Wall x3 |
| 1:14 | MacBookUser · wall_segment Palisade Wall x23 |
| 1:15 | 上善若水 · wall_segment Palisade Wall x4 |
| 1:20 | Cr0mo · wall_segment Palisade Wall x9 |
| 1:25 | MacBookUser · wall_segment Palisade Wall x11 |
| 1:35 | Cr0mo · wall_segment Palisade Wall x10 |
| 2:15 | CBRM · wall_segment Palisade Wall x8 |
| 2:25 | CBRM · wall_segment Palisade Wall x12 |
| 4:10 | Cr0mo · wall_segment Palisade Wall x8 |
| 4:38 | CBRM · wall_segment Palisade Wall x1 |
| 5:17 | Tremere · resign |
[ AI ANALYSIS · 1 CREDIT ]
What really happened in this match?
Wolo.gg analyzes every decision: build order, eco, micro, common mistakes by bracket. Personalized analysis on WhatsApp or Discord in 30 seconds.
Civ guide
Mapuche
Perfil
Jugador #2065415